 Dungeon Crawl Stone Soup version 0.16-a0-621-gdc21f72 (webtiles) character file.

1059 PolkaDot the Twirler (level 8, 0/59 HPs)
             Began as a Vampire Chaos Knight on Sept 16, 2014.
             Was a Plaything of Xom.
             Succumbed to Dowan's poison
             ... on Level 4 of the Dungeon.
             The game lasted 00:20:19 (3803 turns).

PolkaDot the Twirler (Vampire Chaos Knight)         Turns: 3803, Time: 00:20:19

HP   0/59        AC  8     Str 11      XL: 8   Next:  6%
MP  13/13        EV 17     Int 19      God: Xom
Gold 175         SH  0     Dex 20      Spells:  0 memorised,  7 levels left

rFire  + . .     SeeInvis +     g - +4 quarterstaff (chaos)
rCold  + . .     Clarity  .     b - +3 leather armour
rNeg   + . .     rCorr    +     (no shield)
rPois  +         rRot     .     f - +0 helmet
rElec  +         Spirit   .     i - +0 cloak
SustAb +         Warding  +     (no gloves)
rMut   .         Stasis   .     (no boots)
Gourm  .                        e - amulet of warding
MR     .....                    (no ring)
                                n - ring of sustain abilities

@: brilliant, agile, lethally poisoned, resistant, regenerating very quickly,
not resistant to hostile enchantments, fairly stealthy
A: bottle blood, fangs 3, see invisible, unbreathing
a: Bottle Blood, Renounce Religion


You were on level 4 of the Dungeon.
You worshipped Xom.
You were a very special plaything of Xom.
You were almost alive.

You visited 1 branch of the dungeon, and saw 4 of its levels.

You collected 175 gold pieces.

Inventory:

Hand weapons
 g - a +4 quarterstaff of chaos (weapon)
Armour
 b - a +3 leather armour (worn)
 c - a fire dragon hide
 f - a +0 helmet (worn)
 i - a +0 cloak (worn)
Magical devices
 k - a wand of enslavement (14) {unknown}
 r - a wand of cold (6) {unknown}
Scrolls
 j - 2 scrolls of enchant armour
Jewellery
 d - an uncursed ring of teleportation
 e - an amulet of warding (around neck)
 m - an uncursed amulet of resist mutation
 n - a ring of sustain abilities (left hand)
Potions
 a - 14 potions of blood {@*1}
 s - 2 potions of restore abilities
 v - a potion of resistance


   Skills:
 - Level 3.6 Fighting
   Level 3.6 Long Blades
 * Level 4.8 Staves
 + Level 3.6 Armour
 - Level 2.1 Dodging
 + Level 4.2 Evocations


You had 7 spell levels left.
You didn't know any spells.

Dungeon Overview and Level Annotations

Branches:
Dungeon (4/15)
 Temple: D:4-7

Altars:
Dithmenos
Fedhas
Trog
Vehumet

Annotations:
D:4 Dowan


Innate Abilities, Weirdness & Mutations

Your natural rate of healing is extremely fast.
You can bottle blood from corpses.
You have razor-sharp teeth.
You have supernaturally acute eyesight.
You can survive without breathing.


Message History

Dowan casts a spell.
Dowan blinks!
Drink which item? (? for menu, Esc to quit)
Okay, then.
Drink which item? (? for menu, Esc to quit)
Magic courses through your body.
It was a potion of magic.
Xom thinks this is hilarious!
* * * LOW HITPOINT WARNING * * *
You feel sick.
Dowan mumbles some strange words.
Dowan blinks!
* * * LOW HITPOINT WARNING * * *
You feel sick. Dowan hits you with a dagger of venom.
* * * LOW HITPOINT WARNING * * *
There is a stone staircase leading up here.
Drink which item? (? for menu, Esc to quit)
You feel clever all of a sudden.
It was a potion of brilliance.
You die...
Xom roars with laughter!

####.##...#######....
#.##.#.# #....
#..#.#.# #....
##.#.#.# #....
#.#.#.# #.... #.#.#.#
#.... #.#.#.# ##...
##e#.#.##### #...
#@.#.#.....#######
#..#.....#....#
#..#####.#..#+####
#..# #.#........ #...
#.#........ #.###
#.#.#...... #.#
#.###.<.... #.#
#.#...(.... #.#
#.#.#######


You could see Dowan.

Vanquished Creatures
  Prince Ribbit (D:4)
  2 ogres (D:4)
  Sigmund (D:3)
  Duvessa (D:4)
  Blork the orc (D:4)
  2 scorpions (D:4)
  2 eyes of draining (D:3)
  Crazy Yiuf (D:2)
  2 orc wizards
  A hound (D:4)
  Jessica (D:3)
  4 gnolls
  2 adders (D:3)
  2 giant mites (D:4)
  2 worms (D:2)
  4 giant geckos
  3 oozes
  An ooze (shapeshifter) (D:3)
  9 orcs
  7 bats
  12 goblins
  7 hobgoblins
  3 jackals (D:4)
  3 quokkas
  A ball python (D:2)
  5 giant cockroaches
  3 giant newts
  A goblin skeleton (D:4)
  12 kobolds
  6 rats
  A fungus (D:2)
103 creatures vanquished.

Vanquished Creatures (collateral kills)
  A hobgoblin (D:4)
1 creature vanquished.

Vanquished Creatures (others)
  A hobgoblin (D:3)
1 creature vanquished.

Grand Total: 105 creatures vanquished

Notes
Turn   | Place    | Note
--------------------------------------------------------------
     0 | D:1      | PolkaDot, the Vampire Chaos Knight, began the quest for the Orb.
     0 | D:1      | Reached XP level 1. HP: 17/17 MP: 1/1
   123 | D:1      | XOM: divination: detect items
   140 | D:1      | XOM: divination: detect items
   294 | D:1      | Reached skill level 1 in Armour
   294 | D:1      | Reached XP level 2. HP: 21/24 MP: 2/2
   781 | D:2      | Reached XP level 3. HP: 7/29 MP: 3/3
  1073 | D:2      | XOM: mild Ice miscast
  1399 | D:2      | XOM: silly message
  1987 | D:2      | Noticed Crazy Yiuf
  1996 | D:2      | Killed Crazy Yiuf
  1996 | D:2      | Reached XP level 4. HP: 16/36 MP: 4/4
  2146 | D:3      | Found a bloodstained altar of Trog.
  2148 | D:3      | XOM: noise
  2149 | D:3      | Noticed Sigmund
  2156 | D:3      | Noticed Jessica
  2157 | D:3      | XOM: cast spell 'Dispersal'
  2171 | D:3      | Killed Sigmund
  2171 | D:3      | Reached skill level 1 in Staves
  2171 | D:3      | Reached skill level 1 in Evocations
  2171 | D:3      | Reached XP level 5. HP: 41/41 MP: 0/6
  2186 | D:3      | Reached XP level 6. HP: 47/47 MP: 1/8
  2215 | D:3      | Killed Jessica
  2277 | D:3      | Found a radiant altar of Vehumet.
  2410 | D:3      | Found a blossoming altar of Fedhas.
  2589 | D:3      | Found a shadowy altar of Dithmenos.
  2696 | D:4      | XOM: colour smoke trail
  2749 | D:4      | Noticed Prince Ribbit
  2793 | D:4      | Reached XP level 7. HP: 24/52 MP: 8/10
  2821 | D:4      | Noticed Blork the orc
  2842 | D:4      | Killed Blork the orc
  3058 | D:4      | Noticed Duvessa
  3058 | D:4      | Noticed Dowan
  3085 | D:4      | XOM: harmless Erth miscast
  3110 | D:4      | Killed Duvessa
  3110 | D:4      | Reached skill level 4 in Staves
  3118 | D:4      | XOM: confusion (+ monsters)
  3168 | D:4      | XOM: swap monsters
  3205 | D:4      | XOM: 1-stop teleportation journey
  3244 | D:4      | XOM: confusion (+ monsters)
  3520 | D:4      | XOM: stat loss: -1 Str (11/11)
  3787 | D:4      | XOM: enchant monster (bad)
  3789 | D:4      | Killed Prince Ribbit
  3789 | D:4      | Reached XP level 8. HP: 27/59 MP: 13/13
  3802 | D:4      | HP: 2/59 [Dowan/dagger of venom (4)]
  3803 | D:4      | Succumbed to Dowan's poison

Action                   |  1- 3 |  4- 6 |  7- 9 || total
-------------------------+-------+-------+-------++-------
Melee: Falchion          |   142 |       |       ||   142
       Quarterstaff      |       |    99 |   105 ||   204
 Abil: Bottle Blood      |       |    11 |    11 ||    22
  Use: Scroll            |     3 |     3 |     5 ||    11
       Potion            |     2 |     3 |    17 ||    22
 Stab: Paralysed         |       |     2 |     2 ||     4
       Petrifying        |       |     1 |       ||     1
  Eat: Corpse            |    15 |     3 |       ||    18
